 Dungeon Crawl Stone Soup version 0.21.1-1-g345015fe64 (webtiles) character file.

65 Oravi the Insei (level 4, -2/32 HPs)
             Began as a Merfolk Transmuter on Apr 12, 2018.
             Slain by a hobgoblin
             ... wielding a +0 club
             ... led by Robin
              (4 damage)
             ... on level 2 of the Dungeon.
             The game lasted 00:04:21 (1068 turns).

Oravi the Insei (Merfolk Transmuter)                Turns: 1068, Time: 00:04:21

Health: -2/32      AC:  2    Str: 10    XL:     4   Next: 14%
Magic:  3/7        EV: 13    Int: 13    God:
Gold:   50         SH:  0    Dex: 14    Spells: 1/7 levels left

rFire    . . .     SeeInvis .     - Unarmed
rCold    . . .     Gourm    .   (no shield)
rNeg     . . .     Faith    .   b - +0 robe
rPois    .         Spirit   .   (no helmet)
rElec    .         Reflect  .   (no cloak)
rCorr    .         Harm     .   (no gloves)
MR       .....                  (no boots)
Stlth    +.........             (no amulet)
HPRegen  0.10/turn              (no ring)
MPRegen  0.10/turn              (no ring)

@: no status effects
A: change form in water, swift swim, stealthy swim
a: no special abilities


You were on level 2 of the Dungeon.
You were not hungry.

You visited 1 branch of the dungeon, and saw 2 of its levels.

You collected 50 gold pieces.

Inventory:

Missiles
 a - 41 arrows
Armour
 b - a +0 robe (worn)
 i - a +0 pair of gloves
 j - a +2 pair of gloves
Scrolls
 e - 2 scrolls of remove curse
 f - a scroll of teleportation
Potions
 g - a potion of ambrosia
 l - 2 potions of lignification {unknown}
Books
 c - a book of Changes

   Spells                             Type                      Level
   a - Beastly Appendage              Transmutation                1
   b - Sticks to Snakes               Transmutation                2
   c - Spider Form                    Transmutation/Poison         3
   d - Ice Form                       Ice/Transmutation            4
   e - Blade Hands                    Transmutation                5
Comestibles
 d - 3 rations
 h - 2 chunks of flesh


   Skills:
 + Level 1.1 Fighting
 + Level 3.0 Dodging
 + Level 4.6 Unarmed Combat
 - Level 2.0 Spellcasting
 * Level 3.7 Transmutations
 * Level 0.7 Poison Magic


You had one spell level left.
You knew the following spells:

 Your Spells              Type           Power        Failure   Level  Hunger
a - Beastly Appendage     Tmut           ##....       5%          1    ##.....
b - Sticks to Snakes      Tmut           ##......     9%          2    ###....
c - Spider Form           Tmut/Pois      #.........   30%         3    ####...


Dungeon Overview and Level Annotations

Branches:
Dungeon (2/15)

Altars:
Wu Jian

Annotations:
D:2 Robin


Message History

Your Dodging skill increases to level 3!
The goblin closely misses you. The goblin completely misses you.
The goblin barely misses you. The goblin misses you.
You hit the goblin.
You kill the goblin!
Robin hits you from afar with a spear. The hobgoblin barely misses you.
The goblin hits you with a dagger. The goblin closely misses you. x2
You are too injured to fight recklessly!
You are too injured to fight recklessly!
You are too injured to fight recklessly!
You are too injured to fight recklessly!
You hit the goblin.
You kill the goblin!
Your transformation has ended.
Your +0 robe unmelds from your body.
The goblin hits you.
* * * LOW HITPOINT WARNING * * *
Robin hits you from afar with a spear.
* * * LOW HITPOINT WARNING * * *
The hobgoblin hits you with a club.
You die...

###....#.....####
#.........###.#
............#
#......#.##.#
######.._...#
###.#......
####..##.#.##
#..).?...#.#
#)@g.....# #
#ggg.....#
.g..#####.#
...g..# .#
........# #
........#
........#
........#


You could see Robin, 2 hobgoblins and 3 goblins.

Vanquished Creatures
  2 adders (D:2)
  2 oozes
  A leopard gecko (D:1)
  3 giant cockroaches
  5 hobgoblins
  2 jackals (D:1)
  2 bats
  2 frilled lizards (D:2)
  10 goblins
  4 kobolds (D:1)
  3 rats
36 creatures vanquished.

Notes
Turn   | Place    | Note
-------+----------+-------------------------------------------
     0 | D:1      | Oravi the Merfolk Transmuter began the quest for the Orb.
     0 | D:1      | Reached XP level 1. HP: 15/15 MP: 3/3
    64 | D:1      | Reached XP level 2. HP: 21/21 MP: 3/5
   286 | D:1      | Reached skill level 4 in Unarmed Combat
   754 | D:1      | Reached XP level 3. HP: 26/26 MP: 4/6
   765 | D:1      | Learned a level 2 spell: Sticks to Snakes
   769 | D:1      | Learned a level 3 spell: Spider Form
  1000 | D:2      | Found an ornate altar of the Wu Jian Council.
  1056 | D:2      | Noticed Robin
  1059 | D:2      | Reached XP level 4. HP: 27/32 MP: 2/7
  1068 | D:2      | Slain by a hobgoblin

Skill      XL: |  1  2  3  4 |
---------------+-------------+-----
Transmutations | 3 |  3.7
Unarmed Combat | 4 |  4.6
Dodging        | 3 |  3.0
Fighting       | |  1.1
Spellcasting   | |  2.0
Poison Magic   | |  0.7

Action                   |  1- 3 |  4- 6 || total
-------------------------+-------+-------++-------
Melee: Unarmed           |    80 |     9 ||    89
       Headbutt          |     5 |       ||     5
       Punch             |     1 |       ||     1
 Cast: Beastly Appendage |    13 |       ||    13
       Spider Form       |     4 |       ||     4
  Use: Scroll            |     5 |       ||     5
  Eat: Chunk             |     2 |       ||     2
Armor: Robe              |    10 |       ||    10
       Skin              |       |     2 ||     2
Dodge: Dodged            |    80 |    24 ||   104
